 Dungeon Crawl Stone Soup version 0.18-a0-5-gf1fb587 (webtiles) character file.

1582 Goblin1989 the Cruncher (level 8, -10/52 HPs)
             Began as a Gargoyle Gladiator on Oct 31, 2015.
             Was a Follower of Okawaru.
             Mangled by Duffy's ghost (13 damage)
             ... on level 6 of the Dungeon.
             The game lasted 00:17:45 (4730 turns).

Goblin1989 the Cruncher (Gargoyle Gladiator)        Turns: 4730, Time: 00:17:45

Health: -10/52     AC: 12    Str: 15    XL:     8   Next: 92%
Magic:  8/8        EV: 13    Int: 11    God:    Okawaru [*.....]
Gold:   280        SH:  0    Dex: 11    Spells: 0 memorised, 7 levels left

rFire  . . .     SeeInvis .     a - +1 quarterstaff
rCold  . . .     Clarity  .     m - +0 ring mail
rNeg   + . .     SustAt   .     (no shield)
rPois  ∞         Gourm    .     c - +0 helmet
rElec  +         Spirit   .     (no cloak)
rCorr  .         Warding  .     (no gloves)
rMut   .         Stasis   .     (no boots)
MR     +....                    s - amulet of rage
Stlth  ++........               f - ring of protection from magic
                                i - -3 ring of strength (curse)

@: heroism, somewhat resistant to hostile enchantments, unstealthy
A: negative energy resistance 1, electricity resistance, unbreathing,
petrification resistance, rot immunity, AC +5
a: Heroism, Renounce Religion, Evoke Berserk Rage


You were on level 6 of the Dungeon.
You worshipped Okawaru.
Okawaru was aware of your devotion.
You were very hungry.

You visited 2 branches of the dungeon, and saw 7 of its levels.

You collected 280 gold pieces.

Inventory:

Hand Weapons
 a - a +1 quarterstaff (weapon)
 v - the +4 Vampire's Tooth {vamp}
   (You found it on level 6 of the Dungeon)

   It inflicts no extra harm, but heals its wielder somewhat when it strikes a
   living foe.
Missiles
 d - 4 throwing nets (quivered)
 t - 7 javelins
Armour
 c - a +0 helmet (worn)
 m - a +0 ring mail (worn)
Jewellery
 f - a ring of protection from magic (right hand)
 i - a cursed -3 ring of strength (left hand)
 o - a +3 ring of protection
 s - an amulet of rage (around neck)
Wands
 j - a wand of disintegration (14)
 q - a wand of disintegration (19)
Scrolls
 b - a scroll of random uselessness {unknown}
 h - 3 scrolls of fear
 k - 2 scrolls of identify
 r - a scroll of teleportation {unknown}
 u - a scroll of silence {unknown}
Potions
 l - a potion of agility
 n - a potion of curing {unknown}
Comestibles
 e - 3 bread rations
 g - 3 beef jerkies
 p - 2 meat rations
 w - a fruit


   Skills:
 * Level 6.4(11.4) Fighting
 + Level 9.8(14.8) Staves
 - Level 1.7(6.7) Throwing
 - Level 2.4(7.4) Dodging


You had 7 spell levels left.
You didn't know any spells.

Dungeon Overview and Level Annotations

Branches:
Dungeon (6/15)             Temple (1/1) D:5

Altars:
Ashenzari
Cheibriados
Dithmenos
Fedhas
Gozag
Kikubaaqudgha
Makhleb
Nemelex Xobeh
Okawaru
Qazlal
Ru
Sif Muna
Trog
Vehumet
Xom
Zin
The Shining One

Annotations:
D:6 Duffy's ghost, novice NaBe


Innate Abilities, Weirdness & Mutations

You are resistant to torment.
Your stone body is resilient (AC +5).
You are immune to poison.
You resist negative energy.
You are resistant to electric shocks.
You can survive without breathing.
You are immune to petrification.
You are immune to rotting.


Message History

Duffy's ghost hits you but does no damage.
You sock Duffy's ghost!
Duffy's ghost is moderately damaged.
You hit Duffy's ghost but do no damage.
Duffy's ghost is moderately damaged.
Duffy's ghost hits you.
You thump Duffy's ghost!
Duffy's ghost is moderately damaged.
You hit Duffy's ghost but do no damage.
Duffy's ghost is moderately damaged.
Duffy's ghost hits you!
* * * LOW HITPOINT WARNING * * *
You are too injured to fight recklessly!
You are too injured to fight recklessly!
You are too injured to fight recklessly!
You are too injured to fight recklessly!
You sock Duffy's ghost!
Duffy's ghost is heavily damaged.
Duffy's ghost hits you!
You die...

#. #.# #. #.# #. #.#
########. ..' .........
#.# ########. #)# #. #W#
#######. #@# #....##.
######.#########.^..##.
.....................'..
#######.......###....##.
#.......# #######.
#.......# #. #.......#
#. #.......#########.
+...)...'.........


You could see Duffy's ghost.

Vanquished Creatures
  The ghost of miniluv the Archer, an amateur MiHu (D:4)
  Grinder (D:6)
  Sigmund (D:6)
  A soldier ant (D:6)
  A sky beast (D:5)
  An ice beast (D:6)
  Blork the orc (D:5)
  2 giant frogs
  A wyvern skeleton (D:6)
  A scorpion (D:5)
  A hound (D:5)
  A crimson imp (D:6)
  A jelly (D:5)
  An iguana (D:5)
  An orc wizard (D:6)
  A giant frog zombie (D:5)
  2 worker ants
  2 hound skeletons
  3 gnolls (D:2)
  4 adders
  2 shadow imps (D:5)
  2 oozes
  A worm (D:5)
  7 orcs
  3 ball pythons
  9 bats
  6 goblins (D:1)
  9 hobgoblins
  2 quokkas
  A giant cockroach (D:1)
  A giant cockroach zombie (D:5)
  A giant gecko (D:5)
  A giant gecko skeleton (D:5)
  6 giant newts
  6 jackals
  5 kobolds
  8 rats
98 creatures vanquished.

Notes
Turn   | Place    | Note
--------------------------------------------------------------
     0 | D:1      | Goblin1989 the Gargoyle Gladiator began the quest for the Orb.
     0 | D:1      | Reached XP level 1. HP: 12/12 MP: 1/1
   208 | D:1      | Reached XP level 2. HP: 14/17 MP: 2/2
   560 | D:1      | Reached skill level 4 in Staves
   736 | D:1      | Reached XP level 3. HP: 17/21 MP: 3/3
  1220 | D:2      | Reached XP level 4. HP: 7/26 MP: 4/4
  1501 | D:2      | Reached skill level 5 in Staves
  2086 | D:3      | Reached XP level 5. HP: 30/30 MP: 5/5
  2276 | D:4      | Reached skill level 6 in Staves
  2412 | D:4      | Noticed miniluv's ghost (amateur MiHu)
  2440 | D:4      | Killed miniluv's ghost
  2440 | D:4      | Reached skill level 7 in Staves
  2440 | D:4      | Reached XP level 6. HP: 35/35 MP: 6/6
  2492 | D:4      | Found a shadowy altar of Dithmenos.
  2592 | D:5      | Entered Level 5 of the Dungeon
  2592 | D:5      | Found a sparkling altar of Nemelex Xobeh.
  2607 | D:5      | Noticed Blork the orc
  2617 | D:5      | Killed Blork the orc
  2617 | D:5      | Reached XP level 7. HP: 40/40 MP: 7/7
  2702 | D:5      | Found a shattered altar of Ashenzari.
  2704 | D:5      | Found a glowing golden altar of the Shining One.
  2706 | D:5      | Found a shimmering altar of Xom.
  2734 | D:5      | Found a staircase to the Ecumenical Temple.
  2747 | D:5      | Reached skill level 8 in Staves
  2766 | Temple   | Entered the Ecumenical Temple
  3198 | Temple   | Became a worshipper of Warmaster Okawaru
  3588 | D:5      | Reached skill level 9 in Staves
  3981 | D:6      | Reached XP level 8. HP: 30/46 MP: 8/8
  4284 | D:6      | Reached * piety under Okawaru
  4618 | D:6      | Reached skill level 5 in Fighting
  4622 | D:6      | Noticed Sigmund
  4633 | D:6      | Killed Sigmund
  4689 | D:6      | Noticed Grinder
  4703 | D:6      | Killed Grinder
  4715 | D:6      | Noticed Duffy's ghost (novice NaBe)
  4730 | D:6      | Mangled by Duffy's ghost

Vault maps used:
D:1:      onia_arrival_handbag, minmay_surrounded
D:3:      first_bread, columned_hall_lemuel, kennysheep_decorative_pillar,
          uniq_natasha, uniq_jessica
D:4:      nicolae_dithmenos_through_a_glass_darkly
D:5:      nemelex_deck, minitemple, minmay_temple_entry_statues_pillars,
          minivault_1, uniq_blork_the_orc
D:6:      uniq_sigmund, uniq_grinder
Temple:   chambers_temple_12

Action                   |  1- 3 |  4- 6 |  7- 9 || total
-------------------------+-------+-------+-------++-------
Melee: Quarterstaff      |   115 |   121 |   233 ||   469
Invok: Heroism           |       |       |     2 ||     2
  Use: Scroll            |     1 |     6 |       ||     7
       Potion            |       |     7 |       ||     7
  Eat: Chunk             |       |     4 |     4 ||     8
       Bread ration      |       |     1 |       ||     1
